 Dungeon Crawl Stone Soup version 0.31.0-32-g396128a36d (webtiles) character file.

Game seed: 11971886863860718224

166 Pumpkin69 the Trooper (level 5, 0/37 HPs)
             Began as an Octopode Fighter on Mar 17, 2024.
             Slain by Grinder (5 damage)
             ... on level 3 of the Dungeon.
             The game lasted 00:02:20 (1766 turns).

Pumpkin69 the Trooper (Octopode Fighter)            Turns: 1766, Time: 00:02:21

Health: 0/37       AC:  1    Str: 15 (18) XL:     5   Next: 47%
Magic:  5/5        EV: 12    Int:  9 (10) God:
Gold:   91         SH:  4    Dex:  8 (11) Spells: 4/4 levels left

rFire   . . .        a - +1 trident
rCold   . . .        b - +0 buckler
rNeg    . . .        (helmet restricted)
rPois   .            (no amulet)
rElec   .            (no ring)
rCorr   .            (no ring)
SInv    .            (no ring)
Will    .....        (no ring)
Stlth   +++          (no ring)
HPRegen 0.26/turn    (no ring)
MPRegen 0.09/turn    (no ring)
                     (no ring)

%: no passive effects
@: attractive
A: almost no armour, amphibious, 8 rings, camouflage 1, gelatinous body 1,
(nimble swimmer 1), tentacles
a: no special abilities


You were on level 3 of the Dungeon.
You visited 1 branch of the dungeon, and saw 3 of its levels.

You collected 91 gold pieces.

Inventory:

Hand Weapons
 a - a +1 trident (weapon)
Armour
 b - a +0 buckler (worn)
Scrolls
 e - a scroll of teleportation
 g - a scroll of fog
Potions
 c - 2 potions of might
 d - a potion of brilliance


   Skills:
 + Level 4.2 Fighting
 + Level 3.5 Polearms
 - Level 3.0 Dodging
 - Level 4.0 Stealth
 - Level 3.0 Shields


You had 4 spell levels left.
You didn't know any spells.
Your spell library contained the following spells:

 Spells                   Type           Power      Damage    Failure   Level
 Magic Dart               Conj           0%         1d3       47%         1
 Blink                    Tloc           0%         N/A       63%         2
 Call Imp                 Summ           0%         N/A       63%         2


Dungeon Overview and Level Annotations

Branches:
Dungeon (3/15)

Altars:
Sif Muna

Shops:
D:1 (

Annotations:
D:3 Grinder


Innate Abilities, Weirdness & Mutations

You cannot wear most types of armour.
You are amphibious.
You can wear up to eight rings at the same time.
Your skin changes colour to match your surroundings (Stealth+).
Your rubbery body absorbs attacks. (AC +1, EV +1)
((You are camouflaged when in or above water. (Stealth+)))
You have tentacles for arms and can constrict up to eight enemies at once.


Message History

You start resting.
Things that are here:
a +0 dagger; a quokka corpse; a goblin corpse You see here an adder corpse.
You start resting.
HP restored.
Nothing quivered!
Nothing quivered!
Nothing quivered!
Okay, then.
Found a short sword.
Grinder comes into view.
Grinder is nearby!
Grinder is nearby!
Grinder shouts!
Grinder hits you.
You writhe in agony.
You hit Grinder. You grab Grinder. Your squeeze misses Grinder.
Grinder is lightly wounded.
You constrict Grinder, but do no damage.
Grinder hits you!
You writhe in agony.
You hit Grinder.
Grinder is lightly wounded.
You constrict Grinder.
Grinder says, "Tell me all your secrets, or I'll kill you."
Grinder hits you.
* * * LOW HITPOINT WARNING * * *
You writhe in agony.
* * * LOW HITPOINT WARNING * * *
It was a potion of attraction.
You feel attractive to monsters.
You constrict Grinder. Grinder hits you.
* * * LOW HITPOINT WARNING * * *
You writhe in agony.
* * * LOW HITPOINT WARNING * * *
It was a potion of degeneration.
There was something very wrong with that liquid.
You feel weakened.
You feel dopey.
You feel clumsy.
You constrict Grinder. Grinder hits you.
You die...
Grinder says, "Now the real fun starts!"

##########
#...@....#
#....5.###.#
#....###...#
....###.....########
..# #)........[....#
. ###............#
..###....†)....#
#...###.##(...##
#.....###....#.+


You could see Grinder.

Vanquished Creatures
  Natasha (thrice) (D:2)
  6 adders
  4 dart slugs
  4 ball pythons (D:1)
  A giant cockroach (D:2)
  3 hobgoblins
  2 quokkas
  3 bats (D:1)
  2 frilled lizards
  4 goblins
  A kobold (D:1)
  A rat (D:1)
34 creatures vanquished.

Notes
Turn   | Place    | Note
-------+----------+-------------------------------------------
     0 | D:1      | Pumpkin69 the Octopode Fighter began the quest for the Orb.
     0 | D:1      | Reached XP level 1. HP: 16/16 MP: 1/1
   103 | D:1      | Reached skill level 1 in Stealth
   103 | D:1      | Reached XP level 2. HP: 18/21 MP: 2/2
   407 | D:1      | Found Tocuga Guuc's Weapon Emporium.
   803 | D:2      | Noticed Natasha
   807 | D:2      | Killed Natasha
   808 | D:2      | Reached XP level 3. HP: 26/26 MP: 3/3
   838 | D:2      | Found a shimmering blue altar of Sif Muna.
   839 | D:2      | Noticed Natasha
   844 | D:2      | Killed Natasha
   845 | D:2      | Reached XP level 4. HP: 17/33 MP: 4/4
  1182 | D:2      | Reached XP level 5. HP: 37/37 MP: 5/5
  1413 | D:2      | Noticed Natasha
  1422 | D:2      | Killed Natasha
  1668 | D:3      | Found a faded altar of an unknown god.
  1759 | D:3      | Noticed Grinder
  1766 | D:3      | Slain by Grinder

Illustrated notes

Levels and vault maps discovered:
D:1:      lemuel_arrival_muddy, layout_basic, serial_shops,
          nicolae_shop_window_shopping, minmay_hedge_maze
D:2:      layout_basic, basic_altar, uniq_natasha
D:3:      layout_rooms, serial_shops, nicolae_lakefront_shop, shop,
          nicolae_shop_hallway_plus, nicolae_shop_peninsula, shop,
          ebering_ecumenical_altar_petrified, kennysheep_crisscross,
          grunt_decor_arrowhead, minmay_unequal, uniq_grinder

Skill      XL: |  1  2  3  4  5 |
---------------+----------------+-----
Stealth        | 1 2 3 4 |  4.0
Polearms       | 3 |  3.5
Fighting       | 4 |  4.2
Dodging        | |  3.0
Shields        | |  3.0

Action                     |  1- 3 |  4- 6 || total
---------------------------+-------+-------++-------
  Melee: Trident           |    37 |    43 ||    80
         Constrict         |     7 |    10 ||    17
         Tentacles         |     5 |     4 ||     9
         Punch             |     1 |       ||     1
    Use: Scroll            |       |     6 ||     6
         Potion            |       |     2 ||     2
   Stab: Sleeping          |     7 |     3 ||    10
 Armour: Skin              |    11 |    15 ||    26
  Dodge: Dodged            |     6 |    17 ||    23
  Block: Buckler           |     6 |     3 ||     9
